AoeStats
← Chaac1706

Arabia

504814178Analyzed
1v1 RM · 27d ago on Sep 6, 2026· 41m 28s· 2 players
Game mode
Random Map
Map size
Tiny (2 player)
Population
200
Speed
Normal
Resources
Standard
Victory
Conquest
Starting age
Dark Age
Ending age
Imperial Age
RankedLock teamsTeams togetherTeam positionsShared explorationLock speedFull tech treeHidden civsTurbo modeCheats
Victory
Defeat
🇺🇸 Turks · United States
1211
+15
🇨🇴 Muisca · Colombia
1185
-15
Chaac1706
6:05 Loom
9:04 Feudal Age
9:37 Double-Bit Axe
12:10 Wheelbarrow
11:08 Champi Runner
15:43 Scale Mail Armor
17:03 Town Watch
23:42 Castle Age
22:56 Horse Collar
24:58 Bow Saw
24:55 Squires
25:48 Hand Cart
26:27 Chain Mail Armor
29:15 Pikeman
31:30 Forging
41:02 Imperial Age
40:26 Town Patrol
40:37 Town Patrol
40:07 Elite Skirmisher
40:52 Thumb Ring
40:42 Fletching
40:53 Padded Archer Armor
aa3099
6:35 Loom
9:55 Feudal Age
9:56 Man-at-Arms
10:35 Horse Collar
10:42 Double-Bit Axe
15:01 Forging
17:19 Scale Barding Armor
19:09 Gold Mining
20:51 Wheelbarrow
24:15 Castle Age
22:58 Bloodlines
22:41 Fletching
24:42 Stone Mining
25:59 Iron Casting
25:47 Bow Saw
25:49 Husbandry
30:02 Chain Barding Armor
30:32 Hand Cart
30:48 Hand Cart
30:42 Heavy Plow
40:06 Imperial Age
38:40 Padded Archer Armor
38:53 Town Watch
41:15 Conscription
41:39 Gold Shaft Mining
42:20 Two-Man Saw
Connection lost

Rejoining the realm…

Still unreachable

The connection could not be restored.

Session expired

The server has moved on; the page needs a fresh start.